AoeStats
← Kanyaga

Arabia

508103832Analyzed
1v1 RM · 12d ago on Sep 20, 2026· 20m 39s· 2 players
Game mode
Random Map
Map size
Tiny (2 player)
Population
200
Speed
Normal
Resources
Standard
Victory
Conquest
Starting age
Dark Age
Ending age
Imperial Age
RankedLock teamsTeams togetherTeam positionsShared explorationLock speedFull tech treeHidden civsTurbo modeCheats
Victory
Defeat
🇹🇷 Huns · Türkiye
1420
+16
🇹🇼 Tatars · Taiwan
1421
-16
Kanyaga
3:14 Loom
9:06 Feudal Age
9:55 Double-Bit Axe
16:54 Wheelbarrow
16:28 Scale Barding Armor
20:52 Castle Age
18:55 Gold Mining
19:41 Horse Collar
20:26 Forging
20:34 Bloodlines
20:44 Fletching
3000elo player
8:29 Loom
10:42 Feudal Age
12:58 Horse Collar
13:15 Double-Bit Axe
16:40 Town Watch
18:28 Wheelbarrow
Connection lost

Rejoining the realm…

Still unreachable

The connection could not be restored.

Session expired

The server has moved on; the page needs a fresh start.